 Dungeon Crawl Stone Soup version 0.30-a0-964-gd452b5e7fa (webtiles) character file.

Game seed: 4053216579992214779

2802 vishdafish the Destroyer (level 9, 57/57 HPs)
             Began as a Demonspawn Conjurer on Mar 31, 2023.
             Was a Follower of Vehumet.
             Quit the game on level 6 of the Dungeon.
             The game lasted 00:09:30 (6012 turns).

vishdafish the Destroyer (Demonspawn Conjurer)      Turns: 6012, Time: 00:09:31

Health: 57/57      AC:  8    Str: 11    XL:     9   Next: 44%
Magic:  39/39      EV: 27    Int: 24    God:    Vehumet [*.....]
Gold:   241        SH:  0    Dex: 12    Spells: 12/24 levels left

rFire   . . .      SeeInvis .    A - +6 quarterstaff of Dishonour {spect, Str+4}
rCold   . . .      Faith    .    (shield currently unavailable)
rNeg    . . .      Spirit   +    H - +0 steam dragon scales
rPois   .          Reflect  .    j - +0 helmet
rElec   .          Rampage  .    b - +0 cloak
rCorr   .                        (no gloves)
Will    .....                    o - +0 pair of boots
Stlth   +                        p - amulet of the acrobat
HPRegen 0.29/turn                c - ring of magical power
MPRegen 0.52/turn                C - ring of magical power

@: acrobatic, very slow
A: demonic guardian 1, magic shield, magic regeneration, sanguine armour 1
a: Renounce Religion


You were on level 6 of the Dungeon.
You worshipped Vehumet.
Vehumet was aware of your devotion.
You visited 2 branches of the dungeon, and saw 7 of its levels.

You collected 241 gold pieces.

Inventory:

Hand Weapons
 g - a +2 dagger of venom
 A - the +6 quarterstaff of Dishonour (weapon) {spect, Str+4}
   (You found it on level 4 of the Dungeon)

   Str:       It affects your strength (+4).
Missiles
 E - a throwing net
 I - 2 curare-tipped darts
Armour
 a - a +0 robe
 b - a +0 cloak (worn)
 i - a +2 animal skin
 j - a +0 helmet (worn)
 o - a +0 pair of boots (worn)
 H - +0 steam dragon scales (worn)
Jewellery
 c - a ring of magical power (left hand)
 p - an amulet of the acrobat (around neck)
 C - a ring of magical power (right hand)
Wands
 v - a wand of polymorph (8)
 x - a wand of flame (15)
 J - a wand of charming (4)
Scrolls
 e - 6 scrolls of identify {unknown}
 f - a scroll of silence {unknown}
 k - a scroll of enchant weapon {unknown}
 m - 3 scrolls of teleportation {unknown}
 n - a scroll of immolation {unknown}
 t - 3 scrolls of magic mapping {unknown}
 u - 3 scrolls of enchant armour {unknown}
 w - 2 scrolls of fear {unknown}
 y - 2 scrolls of amnesia {unknown}
 B - a scroll of vulnerability {unknown}
 F - a scroll of fog {unknown}
Potions
 d - 2 potions of heal wounds {unknown}
 h - 4 potions of lignification
 l - 3 potions of berserk rage {unknown}
 q - 3 potions of curing {unknown}
 r - a potion of brilliance {unknown}
 s - a potion of invisibility {unknown}
 z - 3 potions of degeneration {unknown}
 D - a potion of might {unknown}
 G - a potion of flight {unknown}


   Skills:
 - Level 1.7 Dodging
 - Level 1.7 Stealth
 + Level 8.1 Spellcasting
 + Level 9.5 Conjurations
 + Level 4.4 Earth Magic


You had 12 spell levels left.
You knew the following spells:

 Your Spells              Type           Power      Damage    Failure   Level
a - Magic Dart            Conj           100%       1d8       1%          1
b - Fulminant Prism       Conj/Hex       16%        3d11      9%          4
c - Iskenderun's Mystic   Conj/Tloc      32%        2d8       9%          4
d - Stone Arrow           Conj/Erth      86%        3d12      1%          3

Your spell library contained the following spells:

 Spells                   Type           Power      Damage    Failure   Level
 Shock                    Conj/Air       100%       1d9       1%          1
 Sandblast                Erth           60%        2d14      1%          1
 Momentum Strike          Conj/Tloc      64%        3d9       1%          2
 Searing Ray              Conj           100%       2d8       1%          2
 Dazzling Flash           Conj/Hex       64%        N/A       2%          3
 Passwall                 Tmut/Erth      16%        N/A       4%          2
 Necrotise                Necr           36%        1d5       6%          1
 Sticky Flame             Conj/Fire      32%        2d5       9%          4
 Blink                    Tloc           18%        N/A       10%         2
 Lesser Beckoning         Tloc           18%        N/A       10%         2
 Call Canine Familiar     Summ           9%         N/A       19%         3
 Ignite Poison            Fire/Tmut/Pois 9%         N/A       19%         3
 Summon Guardian Golem    Hex/Summ       9%         N/A       19%         3
 Vampiric Draining        Necr           9%         2d6       19%         3
 Agony                    Necr           9%         N/A       87%         5
 Haunt                    Necr/Summ      4%         N/A       100%        7
 Malign Gateway           Summ/Tloc      4%         N/A       100%        7
 Ignition                 Fire           4%         3d4       100%        8


Dungeon Overview and Level Annotations

Branches:
Dungeon (6/15)             Temple (1/1) D:4

Altars:
Ashenzari
Cheibriados
Fedhas
Gozag
Hepliaklqana
Kikubaaqudgha
Makhleb
Qazlal
Ru
Uskayaw
Vehumet
Xom
Yredelemnul

Shops:
D:2 [

Annotations:
D:3 2 runed translucent doors, heinrich's ghost, weakling GnDe
D:4 3 runed translucent doors, stickyfingers's ghost, amateur MeMo


Innate Abilities, Weirdness & Mutations

A weak demonic guardian rushes to your aid.
When hurt, damage is shared between your health and your magic reserves.
You regenerate magic rapidly.
When seriously injured, your blood forms armour. (AC +0)


Message History

You now have 241 gold pieces (gained 14).
There is an open door here.
You open the door.
A necrophage comes into view.
A necrophage is nearby!
The stone arrow misses the necrophage.
The necrophage hits you but does no damage.
The stone arrow misses the necrophage.
The necrophage hits you but does no damage.
The stone arrow hits the necrophage!!
The necrophage is almost destroyed.
The necrophage hits you.
The stone arrow hits the necrophage!
You destroy the necrophage!
Vehumet accepts your kill.
You can't see any susceptible monsters within range! (Use Z to cast anyway.)
You open the door.
A mummy comes into view.
The stone arrow hits the mummy!
The mummy is heavily damaged.
The mummy hits you but does no damage.
The stone arrow hits the mummy!
You destroy the mummy!
Vehumet accepts your kill.
You feel your power returning.
You can't see any susceptible monsters within range! (Use Z to cast anyway.)
There is an open door here.
Found a hand axe.
Found 4 boomerangs.
You see here a +0 hand axe.
A worm comes into view.
A worm is nearby!
You can't see any susceptible monsters within range! (Use Z to cast anyway.)
You can't see any susceptible monsters within range! (Use Z to cast anyway.)
You see here 4 boomerangs.
You can't see any susceptible monsters within range! (Use Z to cast anyway.)
You can't see any susceptible monsters within range! (Use Z to cast anyway.)
You enter the shallow water.
Moving in this stuff is going to be slow.
Are you sure you want to abandon this character and quit the game? (Confirm with "yes".)

.# #.# #.# #.#.)#... .# #.# #.#
#.#..[... .# .# #########.#
#........ )#####.# #.........#
###.###.. .......# #.#######.#
#.####. ...##..# #.#
#.#####†..... ...##<.# #.#
#.........##.
#..##..######.#############.#.##.
#..##.[.......)#@~~.~w.~ ##.#.##.
#..##.#.#.####.(######## #..#.##.
#..........# #### ####.##.
#.###......## #.##. #.# #.......#
####.##. #.####......# #.......
.............. #####.#.
######........ #....... ######...
#....)##


You could see a worm (asleep).

Vanquished Creatures
  Pikel (D:6)
  Sigmund (D:3)
  A steam dragon (D:6)
  A water moccasin (D:5)
  2 ogres (D:6)
  2 ice beasts (D:5)
  2 phantoms
  2 lemures (D:6)
  A bullfrog (D:6)
  A gnoll sergeant (D:5)
  A necrophage (D:6)
  2 scorpions (D:6)
  A water moccasin zombie (D:6)
  4 wights (D:4)
  A bullfrog zombie (D:6)
  A human zombie (D:6)
  A gnoll bouda (D:4)
  A centaur zombie (D:6)
  A jelly (D:4)
  Crazy Yiuf (D:3)
  4 hounds
  Ijyb (D:3)
  2 iguanas
  A killer bee zombie (D:6)
  4 mummies (D:6)
  Robin (D:2)
  2 howler monkey zombies (D:6)
  20 gnolls
  4 adders
  A shadow imp (D:5)
  3 white imps
  An ufetubus (D:5)
  4 worms
  2 dart slugs
  5 orcs (D:5)
  3 endoplasms
  4 giant cockroaches
  21 goblins
  15 hobgoblins
  A quokka (D:1)
  12 ball pythons
  7 bats
  2 frilled lizards
  10 kobolds
  9 rats
167 creatures vanquished.

Vanquished Creatures (others)
  3 fulminant prisms
  A fungus (D:3)
  2 plants (D:1)
6 creatures vanquished.

Grand Total: 173 creatures vanquished

Notes
Turn   | Place    | Note
-------+----------+-------------------------------------------
     0 | D:1      | vishdafish the Demonspawn Conjurer began the quest for the
                  | Orb.
     0 | D:1      | Reached XP level 1. HP: 13/13 MP: 3/3
   283 | D:1      | Gained mutation: You regenerate magic rapidly. [demonic
                  | ancestry]
   283 | D:1      | Reached XP level 2. HP: 19/19 MP: 5/5
   791 | D:1      | Reached XP level 3. HP: 24/24 MP: 7/7
  1043 | D:2      | Noticed Robin
  1053 | D:2      | Killed Robin
  1108 | D:2      | Reached XP level 4. HP: 16/30 MP: 7/8
  1273 | D:2      | Found Patete Jotz's Armour Emporium.
  1403 | D:2      | Reached skill level 5 in Conjurations
  2174 | D:3      | Noticed Ijyb
  2194 | D:3      | Killed Ijyb
  2195 | D:3      | Gained mutation: When seriously injured, your blood forms
                  | armour. (AC +0) [demonic ancestry]
  2195 | D:3      | Reached XP level 5. HP: 35/35 MP: 10/10
  2299 | D:3      | Found a runed translucent door.
  2300 | D:3      | Noticed heinrich's ghost (weakling GnDe)
  2445 | D:3      | Noticed Sigmund
  2457 | D:3      | Killed Sigmund
  2458 | D:3      | Reached skill level 6 in Conjurations
  2458 | D:3      | Gained mutation: When hurt, damage is shared between your
                  | health and your magic reserves. [demonic ancestry]
  2458 | D:3      | Reached XP level 6. HP: 40/41 MP: 12/12
  2668 | D:3      | Found a runed translucent door.
  2869 | D:3      | Found a runed translucent door.
  2870 | D:3      | Noticed Crazy Yiuf
  2878 | D:3      | Learned a level 4 spell: Fulminant Prism
  2883 | D:3      | Learned a level 4 spell: Iskenderun's Mystic Blast
  2893 | D:3      | Killed Crazy Yiuf
  3130 | D:4      | Reached skill level 5 in Spellcasting
  3164 | D:4      | Reached XP level 7. HP: 43/46 MP: 14/14
  3189 | D:4      | Found a runed translucent gate.
  3189 | D:4      | Found a runed translucent gate.
  3189 | D:4      | Found a runed translucent gate.
  3191 | D:4      | Noticed stickyfingers's ghost (amateur MeMo)
  3349 | D:4      | Identified the +6 quarterstaff of Dishonour {spect, Str+4}
  3353 | D:4      | Got the Almanac of Serendipity
  3559 | D:4      | Reached skill level 7 in Conjurations
  3641 | D:4      | Found a staircase to the Ecumenical Temple.
  3779 | Temple   | Entered the Ecumenical Temple
  4016 | D:5      | Entered Level 5 of the Dungeon
  4442 | D:5      | Reached XP level 8. HP: 38/52 MP: 11/17
  4510 | D:5      | Found a radiant altar of Vehumet.
  4542 | D:5      | Reached skill level 8 in Conjurations
  4549 | D:5      | Became a worshipper of Vehumet
  4554 | D:5      | Learned a level 3 spell: Stone Arrow
  4693 | D:5      | Reached skill level 1 in Earth Magic
  5405 | D:6      | Found an opulent altar of Gozag.
  5484 | D:6      | Noticed Pikel
  5490 | D:6      | Killed Pikel
  5491 | D:6      | Reached skill level 9 in Conjurations
  5491 | D:6      | Gained mutation: A weak demonic guardian rushes to your
                  | aid. [demonic ancestry]
  5491 | D:6      | Reached XP level 9. HP: 38/57 MP: 9/20
  5519 | D:6      | Reached * piety under Vehumet
  5519 | D:6      | Offered knowledge of Shock by Vehumet.
  5862 | D:6      | Found a basalt altar of Yredelemnul.
  6012 | D:6      | Quit the game

Illustrated notes

Levels and vault maps discovered:
D:1:      lemuel_arrival_hallway, layout_loops_ring, serial_forest,
          infiniplex_forest_straight_4, infiniplex_forest_clump_cross,
          infiniplex_forest_clump_medium, infiniplex_forest_straight_4,
          infiniplex_forest_straight_4
D:2:      minmay_skewed_foursquare, layout_loops_ring, serial_shops,
          nicolae_square_shop, uniq_robin
D:3:      layout_basic, tso_metal_star, ebering_ghost_sewer_f, uniq_sigmund,
          uniq_crazy_yiuf_cottage, uniq_ijyb
D:4:      layout_cave_pools, minmay_temple_entry_poolview,
          gammafunk_ghost_necromancy
D:5:      layout_loops_ring, overflow_temple_1_default
D:6:      layout_loops_ring, lemuel_mausoleum_altar_yredelemnul,
          grunt_gozag_statues, gup_sewer_entry_spiral, minivault_23, uniq_pikel
Temple:   bh_familiar_temple

Skill      XL: |  1  2  3  4  5  6  7  8  9 |
---------------+----------------------------+-----
Spellcasting   | 3 4 5 6 7 8 |  8.1
Conjurations   | 5 6 7 9 |  9.5
Earth Magic    | 3 4 |  4.4
Dodging        | |  1.7
Stealth        | |  1.7

Action                     |  1- 3 |  4- 6 |  7- 9 || total
---------------------------+-------+-------+-------++-------
  Melee: Dagger            |    20 |    22 |       ||    42
         Quarterstaff      |       |       |    41 ||    41
   Cast: Magic Dart        |    87 |    95 |   102 ||   284
         Fulminant Prism   |       |     1 |     2 ||     3
         Iskenderun's Myst |       |     1 |     1 ||     2
         Stone Arrow       |       |       |    77 ||    77
  Evoke: Wand              |       |     1 |       ||     1
    Use: Potion            |       |     3 |       ||     3
   Stab: Sleeping          |     2 |     2 |       ||     4
 Armour: Robe              |     5 |       |       ||     5
         Animal skin       |       |     9 |    20 ||    29
         Steam dragon scal |       |       |    19 ||    19
  Dodge: Dodged            |    22 |    21 |    63 ||   106

Table legend: (Time is in decaauts)
 A = Elapsed time spent in this place.
 B = Non-inter-level travel time spent in this place.
 C = Inter-level travel time spent in this place.
 D = Time resting spent in this place.
 E = Time spent auto-exploring this place.
 F = Levels seen in this place.
 G = Mean time per level.
                   A        B        C        D        E       F      G
               +--------+--------+--------+--------+--------+-----+--------+
         Total |   6021 |   5772 |    249 |      4 |   4876 |   7 |  860.1 |
       Dungeon |   5841 |   5610 |    231 |      4 |   4721 |   6 |  973.5 |
        Temple |    179 |    161 |     18 |      0 |    155 |   1 |  179.0 |
               +--------+--------+--------+--------+--------+-----+--------+

Top non-repeatable levels by time:
     D:3: 1168 daAuts
     D:5: 1104 daAuts
     D:2: 1019 daAuts
     D:6: 900 daAuts
     D:1: 900 daAuts
     D:4: 747 daAuts
  Temple: 179 daAuts
